 Dungeon Crawl Stone Soup version 0.31.0-11-ge490571c62 (webtiles) character file.

Game seed: 6188976795033556283

87 qw the Ducker (level 4, 0/22 HPs)
             Began as a Spriggan Hunter on Feb 3, 2024.
             Incinerated by a bombardier beetle (5 damage)
             ... with a burning spray
             ... on level 3 of the Dungeon.
             The game lasted 00:00:05 (1504 turns).

qw the Ducker (Spriggan Hunter)                     Turns: 1504, Time: 00:00:06

Health: 0/22       AC:  2    Str:  7    XL:     4   Next: 28%
Magic:  5/5        EV: 21    Int: 10    God:
Gold:   86         SH:  0    Dex: 26    Spells: 3/3 levels left

rFire   . . .        a - +0 shortbow
rCold   . . .        (shield currently unavailable)
rNeg    . . .        c - +0 robe
rPois   .            (helmet restricted)
rElec   .            (no cloak)
rCorr   .            (gloves unavailable)
SInv    +            (boots unavailable)
Will    .....        e - amulet of regeneration
Stlth   +            d - +6 ring of dexterity
HPRegen 1.03/turn    (no ring)
MPRegen 0.09/turn

%: no passive effects
@: on fire, glowing, very quick
A: very small, no large weapons, unfitting armour, see invisible, speed 3
a: no special abilities


You were on level 3 of the Dungeon.
You visited 1 branch of the dungeon, and saw 3 of its levels.

You collected 119 gold pieces.
You spent 33 gold pieces at shops.


Innate Abilities, Weirdness & Mutations

You are very small and have problems with some larger weapons.
You are too small for most types of armour.
You have supernaturally acute eyesight. (SInv)
You cover ground extremely quickly. (Speed+++)


   Skills:
 - Level 1.5 Fighting
 + Level 4.8 Ranged Weapons
 - Level 5.0 Dodging
 - Level 1.5 Stealth


You had 3 spell levels left.
You didn't know any spells.
Your spell library was empty.

Inventory:

Hand Weapons
 a - a +0 shortbow (weapon)
Armour
 c - a +0 robe (worn)
Jewellery
 d - a +6 ring of dexterity (left hand)
 e - an amulet of regeneration (around neck)
Wands
 b - a wand of iceblast (10)
Scrolls
 g - a scroll of teleportation
Potions
 f - a potion of might

Dungeon Overview and Level Annotations

Branches:
Dungeon (3/15)

Altars:

Shops:
D:2 *


Message History

Done exploring.
What level of the Dungeon? (default 1, ? - help)
There is an open door here.
There is an open door here.
You open the door.
There is an open door here.
There is a stone staircase leading down here.
You climb downwards.
Found a book of Debilitation, a spear and a scroll of identify.
There is a stone staircase leading up here.
Waypoint 2 assigned to D:3.
A bombardier beetle comes into view.
Found a stone staircase leading down.
You shoot an arrow. The arrow hits the bombardier beetle.
The bombardier beetle is lightly wounded.
You shoot an arrow. The arrow hits the bombardier beetle.
The bombardier beetle is moderately wounded.
You shoot an arrow. The arrow hits the bombardier beetle!
The bombardier beetle is almost dead.
The bombardier beetle sprays incendiary fluid at you.
The burning spray hits you.
You are covered in liquid fire!
You shoot an arrow.
The arrow hits the bombardier beetle but does no damage.
The bombardier beetle is almost dead.
The liquid fire burns you!
You shoot an arrow.
The arrow barely misses the bombardier beetle.
The liquid fire burns you!
You shoot an arrow. The arrow hits the bombardier beetle.
You kill the bombardier beetle!
The liquid fire burns you!
You have reached level 4!
You are on fire!
The liquid fire burns you!
You are on fire!
The liquid fire burns you!
You are on fire!
The liquid fire burns you!
You die...

#### .#.#
####...
..#.. #...
#..# #..####
#@.<:.#
#.?.%###)..#
####.# #....
#.# ... ..>
# .## #. #.


There were no monsters in sight!

Vanquished Creatures
  A bombardier beetle (D:3)
  A gnoll (D:1)
  2 adders (D:2)
  2 endoplasms (D:1)
  3 giant cockroaches
  6 goblins
  A kobold (D:2)
  2 quokkas (D:2)
  2 ball pythons (D:1)
  5 bats
  2 frilled lizards
  6 rats
33 creatures vanquished.

Notes
Turn   | Place    | Note
-------+----------+-------------------------------------------
     0 | D:1      | qw the Spriggan Hunter began the quest for the Orb.
     0 | D:1      | Reached XP level 1. HP: 10/10 MP: 2/2
     0 | D:1      | 0 ||| qw: Version: 0.3-a-157-g843a77d
     0 | D:1      | 0 ||| qw: Game counter: 3708
     0 | D:1      | 0 ||| qw: Melee chars always use a shield: true
     0 | D:1      | 0 ||| qw: God list: Okawaru
     0 | D:1      | 0 ||| qw: Allow faded altars: false
     0 | D:1      | 0 ||| qw: Do Orc after clearing Dungeon:15 true
     0 | D:1      | 0 ||| qw: Do second Lair branch before Depths: true
     0 | D:1      | 0 ||| qw: Lair rune preference: random
     0 | D:1      | 0 ||| qw: Goals: Normal
     0 | D:1      | 0 ||| PLANNING D:1-11
    50 | D:1      | Reached skill level 3 in Dodging
    97 | D:1      | Reached XP level 2. HP: 9/14 MP: 3/3
   147 | D:1      | Reached skill level 4 in Dodging
   284 | D:1      | You fall into a shaft and drop 1 floor!
   316 | D:2      | 316 ||| UPGRADING to amulet of regeneration.
   321 | D:2      | 321 ||| UPGRADING to +6 ring of dexterity.
   322 | D:2      | 322 ||| READING scroll labelled FIRIPA JAJUQUG.
   323 | D:2      | 323 ||| DROPPING scroll of butterflies.
   479 | D:1      | Reached XP level 3. HP: 18/18 MP: 4/4
   719 | D:2      | Found Obuts's General Store.
   727 | D:2      | 727 ||| SHOPLISTING +8 sling of the Burning Viper {flame,
                  | rPois rN+ Int+3 Stlth+} (739 gold, have 74).
   727 | D:2      | 727 ||| BUYING scroll of teleportation (33 gold).
   727 | D:2      | Bought a scroll of teleportation for 33 gold pieces
   727 | D:2      | 727 ||| SHOPLISTING wand of paralysis (13) (343 gold, have
                  | 41).
   727 | D:2      | 727 ||| SHOPLISTING wand of paralysis (9) (237 gold, have
                  | 41).
   893 | D:2      | Reached skill level 5 in Dodging
  1110 | D:2      | Found a faded altar of an unknown god.
  1349 | D:2      | 1349 ||| READING scroll labelled QUCVUL OGU.
  1450 | D:2      | 1450 ||| READING scroll labelled ETOIN RAEGIESH.
  1450 | D:2      | 1450 ||| ENCHANTING +0 shortbow.
  1451 | D:2      | 1451 ||| READING 2 scrolls labelled NEARUA CERUCS.
  1451 | D:2      | 1451 ||| IDENTIFYING bubbling cyan potion
  1452 | D:2      | 1452 ||| READING scroll of identify.
  1452 | D:2      | 1452 ||| IDENTIFYING fuming dark potion
  1453 | D:2      | 1453 ||| READING scroll labelled TIZILU JEIPT.
  1461 | D:2      | 1461 ||| DROPPING potion of berserk rage.
  1502 | D:3      | Reached XP level 4. HP: 10/22 MP: 5/5
  1503 | D:3      | HP: 4/22 [burnt (3)]
  1504 | D:3      | Incinerated by a bombardier beetle

Levels and vault maps discovered:
D:1:      dpeg_arrival_court, layout_basic, hex_large, dk_noncrumbling_2,
          nrook_mini_vaults, st_stairs_6
D:2:      layout_basic, dilly_ecumenical_altar_fadedgnrine, serial_shops,
          nicolae_shop_advertising_works [nicolae_subvault_shop_adworks],
          grunt_ministairs_11, kennysheep_generic_room_8
D:3:      layout_rooms, general_overflow_altar, serial_shops, shop,
          uniq_crazy_yiuf_cottage

Skill      XL: |  1  2  3 |
---------------+----------+-----
Dodging        | 3 4 5 |  5.0
Fighting       | |  1.5
Ranged Weapons | |  4.8
Stealth        | |  1.5

Action                     |  1- 3 |  4- 6 || total
---------------------------+-------+-------++-------
   Fire: Shortbow          |    78 |       ||    78
    Use: Scroll            |     6 |       ||     6
 Armour: Robe              |     2 |       ||     2
  Dodge: Dodged            |    16 |       ||    16

Table legend:
 A = Non-vault XP
 B = Vault XP
 C = Vault XP percentage of total XP
 D = Non-vault monster count
 E = Vault monster count
 F = Vault count percentage of total count
                 A         B        C        D         E       F
            +---------+---------+-------+---------+---------+-------
      Total |     107 |      18 |  14.4 |      28 |       5 |  15.2
            +---------+---------+-------+---------+---------+-------
        D:1 |      40 |       1 |   2.4 |      18 |       1 |   5.3
        D:2 |      25 |      17 |  40.5 |       9 |       4 |  30.8
        D:3 |      42 |       0 |   0.0 |       1 |       0 |   0.0
            +---------+---------+-------+---------+---------+-------
